 Dungeon Crawl Stone Soup version 0.22-a0-565-gfc6459a (webtiles) character file.

149 Amnesiac the Digger (level 5, -1/24 HPs)
             Began as a Spriggan Earth Elementalist on June 28, 2018.
             Slain by a frilled lizard (3 damage)
             ... on level 3 of the Dungeon.
             The game lasted 00:03:23 (1517 turns).

Amnesiac the Digger (Spriggan Earth Elementalist)   Turns: 1517, Time: 00:03:24

Health: -1/24      AC:  2    Str:  4    XL:     5   Next: 9%
Magic:  12/12      EV: 18    Int: 14    God:
Gold:   39         SH:  0    Dex: 16    Spells: 5/12 levels left

rFire    . . .     SeeInvis +   (weapon restricted)
rCold    . . .     Gourm    .   (shield restricted)
rNeg     . . .     Faith    .   c - +0 robe
rPois    .         Spirit   .   (helmet restricted)
rElec    .         Reflect  .   (no cloak)
rCorr    .         Harm     .   (gloves unavailable)
MR       .....                  (boots unavailable)
Stlth    ++........             (no amulet)
HPRegen  0.08/turn              j - -4 ring of intelligence (curse)
MPRegen  0.13/turn              (no ring)

@: very quick
A: very small, unfitting armour, see invisible, herbivore, speed 3, slow
metabolism 2
a: no special abilities


You were on level 3 of the Dungeon.
You were not hungry.

You visited 1 branch of the dungeon, and saw 5 of its levels.

You collected 39 gold pieces.

Inventory:

Armour
 c - a +0 robe (worn)
Jewellery
 j - a cursed -4 ring of intelligence (left hand)
Scrolls
 b - a scroll of magic mapping {!r, unknown}
 e - a scroll of immolation {!r, unknown}
 h - 2 scrolls of identify {!r, unknown}
 i - a scroll of teleportation {!r}
 k - a scroll of amnesia {!r, unknown}
 m - a scroll of enchant weapon {!r, unknown}
Potions
 a - 2 potions of curing {!q, unknown}
 f - a potion of haste {!q, unknown}
 g - 3 potions of might {!q, unknown}
 l - 2 potions of heal wounds {!q, unknown}
Comestibles
 d - 6 rations


   Skills:
 - Level 3.0 Dodging
 - Level 3.0 Stealth
 + Level 4.3 Spellcasting
 - Level 1.3 Transmutations
 * Level 4.6 Earth Magic


You had 5 spell levels left.
You knew the following spells:

 Your Spells              Type           Power        Failure   Level  Hunger
a - Sandblast             Erth           ###...       2%          1    None
b - Passwall              Tmut/Erth      ##......     9%          2    ##.....
e - Petrify               Tmut/Erth      ##......     50%         4    ####...

Your spell library contained the following spells:

 Spells                   Type           Power        Failure   Level  Hunger
 Stone Arrow              Conj/Erth      #.....       22%         3    ###....
 Lee's Rapid Deconstruct  Erth           ###.......   61%         5    ######.


Dungeon Overview and Level Annotations

Branches:
Dungeon (5/15)
 Temple: D:4-7

Altars:

Annotations:
D:3 Grinder, Ijyb


Innate Abilities, Weirdness & Mutations

You are very small and have problems with some larger weapons.
You are too small for most types of armour.
You have supernaturally acute eyesight. (SInv)
You are a herbivore.
You cover ground extremely quickly.
You need to consume almost no food.


Message History

You see here a metallic dark potion {!q}.
l - 2 metallic dark potions {!q} (gained 1)
The dart slug misses you.
The leopard gecko skeleton closely misses you.
The dart slug misses you. The adder completely misses you. The adder bites you.
The leopard gecko hisses angrily.
The leopard gecko bites you. The leopard gecko bites you.
* * * LOW HITPOINT WARNING * * *
A quokka comes into view.
The quokka closely misses you. The quokka completely misses you.
The quokka barely misses you.
Found a robe.
Found a leather armour and a scroll labeled LUDIUN NAXE.
A giant cockroach comes into view.
Found 6 gold pieces.
b - a scroll labeled LUDIUN NAXE {!r}
Found an escape hatch in the ceiling.
There is an escape hatch in the ceiling here.
A mysterious force pulls you upwards. The hatch slams shut behind you.
Level annotation: Grinder, Ijyb The adder hisses angrily.
A worm comes into view.
You hear a shout!
A hobgoblin comes into view. It is wielding a club.
A quokka comes into view.
Found a pair of gloves.
A rat comes into view.
A bat comes into view.
The bat moves out of view.
A hobgoblin comes into view. It is wielding a club.
The bat barely misses you.
Found 13 arrows.
A rat comes into view.
The bat barely misses you. The bat misses you.
Found 14 gold pieces and a ration.
A centaur comes into view.
The bat misses you. The bat hits you but does no damage.
The bat hits you but does no damage. The bat hits you but does no damage.
The bat barely misses you. The bat completely misses you.
The centaur shouts!
A frilled lizard comes into view.
The centaur wields a shortbow.
The centaur shoots an arrow.
The arrow closely misses you. The bat closely misses you.
The bat hits you but does no damage. The rat closely misses you.
The bat closely misses you. The bat misses you.
The frilled lizard barely misses you. The bat closely misses you.
You hit the frilled lizard.
The frilled lizard is heavily wounded.
The bat completely misses you. The frilled lizard closely misses you.
The centaur shoots an arrow.
The arrow hits you!
Ouch! That really hurt!
* * * LOW HITPOINT WARNING * * *
The bat barely misses you. The frilled lizard bites you.
You die...

#########........
######g.......
#######....#(.......
#.........rg........
#...................
#.......S.....######
#.......$.....#
#...b.c.......#
#..@l(r.....%.#
#.............#
#.............#
###############


You could see a centaur, an adder, a quokka, a bat, a frilled lizard and a rat.

Vanquished Creatures
  3 hounds (D:4)
  A worker ant (D:3)
  A gnoll (D:3)
  An ooze (D:2)
  A worm (D:2)
  A dart slug (D:2)
  2 orcs (D:4)
  2 bats
  2 hobgoblins (D:2)
  2 kobolds (D:2)
  A quokka (D:4)
  A goblin (D:1)
  5 rats
23 creatures vanquished.

Notes
Turn   | Place    | Note
-------+----------+-------------------------------------------
     0 | D:1      | Amnesiac the Spriggan Earth Elementalist began the quest for the Orb.
     0 | D:1      | Reached XP level 1. HP: 9/9 MP: 5/5
   418 | D:3      | Noticed Ijyb
   445 | D:3      | Reached XP level 2. HP: 13/13 MP: 2/7
   457 | D:3      | Learned a level 2 spell: Passwall
   558 | D:3      | Noticed Grinder
   718 | D:2      | Reached XP level 3. HP: 14/16 MP: 3/8
   955 | D:4      | Reached XP level 4. HP: 17/21 MP: 5/10
   962 | D:4      | Learned a level 4 spell: Petrify
  1072 | D:5      | Entered Level 5 of the Dungeon
  1115 | D:4      | Reached XP level 5. HP: 4/24 MP: 3/12
  1503 | D:3      | Noticed a centaur
  1517 | D:3      | Slain by a frilled lizard

Vault maps used:
D:1:      elethiomel_arrival_diamonds
D:2:      uniq_sigmund
D:3:      uniq_ijyb, uniq_grinder
D:4:      kennysheep_generic_room_3
D:5:      minmay_temple_entry_trees, first_ration, hex_medium

Skill      XL: |  1  2  3  4 |
---------------+-------------+-----
Spellcasting   | 3 4 |  4.3
Earth Magic    | 3 4 |  4.6
Dodging        | |  3.0
Stealth        | |  3.0
Transmutations | |  1.3

Action                   |  1- 3 |  4- 6 || total
-------------------------+-------+-------++-------
Melee: Unarmed           |    56 |     1 ||    57
 Cast: Sandblast         |    26 |    19 ||    45
       Petrify           |       |     1 ||     1
  Use: Scroll            |       |     1 ||     1
Armor: Robe              |     9 |     4 ||    13
Dodge: Dodged            |    65 |    42 ||   107

Table legend:
 A = Spawn XP
 B = Non-spawn XP
 C = Spawn XP percentage of total XP
 D = Spawn monster count
 E = Non-spawn monster count
 F = Spawn count percentage of total count
 G = Total turns spent on level
                    A         B        C        D         E        F      G
               +---------+---------+-------+---------+---------+-------+---------
         Total |       0 |     214 |   0.0 |       0 |      23 |   0.0 |  1517
               +---------+---------+-------+---------+---------+-------+---------
           D:1 |       0 |       5 |   0.0 |       0 |       5 |   0.0 |   297
           D:2 |       0 |      25 |   0.0 |       0 |       8 |   0.0 |   417
           D:3 |       0 |      50 |   0.0 |       0 |       4 |   0.0 |   261
           D:4 |       0 |     134 |   0.0 |       0 |       6 |   0.0 |   532
               +---------+---------+-------+---------+---------+-------+---------
